 Dungeon Crawl Stone Soup version 0.27.1 (webtiles) character file.

Game seed: 6404595533775571142

18 VictoriousLee the Slasher (level 2, -6/15 (16) HPs)
             Began as a Vine Stalker Fighter on Sept 2, 2021.
             Was a Believer of Lugonu.
             Mangled by a gnoll (9 damage)
             ... on level 1 of the Dungeon.
             The game lasted 00:01:57 (831 turns).

VictoriousLee the Slasher (Vine Stalker Fighter)     Turns: 831, Time: 00:01:58

HP:   -6/15 (16)    AC:  6    Str: 18    XL:     2   Next: 66%
MP:   0/3           EV:  7    Int:  8    God:    Lugonu [**....]
Gold: 19            SH:  9    Dex: 13    Spells: 1/1 levels left

rFire    . . .     SeeInvis .   a - +0 long sword
rCold    . . .     Faith    .   c - +0 kite shield
rNeg     . . .     Spirit   +   b - +0 scale mail
rPois    .         Reflect  .   (no helmet)
rElec    .         Harm     .   (no cloak)
rCorr    .         Rampage  .   (no gloves)
Will     .....                  (no boots)
Stlth    ..........             (no amulet)
HPRegen  0.05/turn              (no ring)
MPRegen  0.08/turn              (no ring)

@: drained
A: fangs 2, magic shield, antimagic bite, no potion heal 2
a: Renounce Religion, Depart the Abyss, Bend Space


You were on level 1 of the Dungeon.
You worshipped Lugonu.
Lugonu was pleased with you.
You visited 1 branch of the dungeon, and saw 1 of its levels.

You collected 19 gold pieces.

Inventory:

Hand Weapons
 a - a +0 long sword (weapon)
 g - a +1 dagger of draining
Missiles
 e - 46 stones (quivered)
Armour
 b - a +0 scale mail (worn)
 c - a +0 kite shield (worn)
Scrolls
 f - a scroll of teleportation {unknown}
Potions
 d - a potion of might


   Skills:
 - Level 2.6 Fighting
 + Level 2.9 Long Blades
 - Level 2.4 Armour
 - Level 2.6 Shields


You had one spell level left.
You didn't know any spells.
Your spell library was empty.

Dungeon Overview and Level Annotations

Branches:
Dungeon (1/15)

Altars:
Lugonu


Innate Abilities, Weirdness & Mutations

You have extremely sharp teeth.
When hurt, damage is shared between your health and your magic reserves.
Your bite disrupts and absorbs the magic of your enemies.
Potions cannot restore your health.


Message History

You closely miss the kobold. Your bite misses the kobold.
The kobold is heavily wounded.
You block the kobold's attack.
You miss the kobold.
The kobold is heavily wounded.
You block the kobold's attack. The kobold hits you but does no damage.
You hit the kobold.
You kill the kobold!
Lugonu accepts your kill.
You see here a +0 dagger.
A ball python comes into view.
The ball python hisses angrily.
You barely miss the ball python. You block the ball python's attack.
The ball python closely misses you.
You closely miss the ball python. You bite the ball python.
You kill the ball python!
Lugonu accepts your kill.
Found 2 large rocks.
You see here 2 large rocks.
Found a ring mail.
A gnoll comes into view. It is wielding a +0 flail.
The gnoll shouts!
A quokka comes into view.
You slash the gnoll! Your bite misses the gnoll.
The gnoll is heavily wounded.
The gnoll barely misses you. The gnoll closely misses you.
You riposte.
You hit the gnoll but do no damage. You bite the gnoll, but do no damage.
The gnoll is heavily wounded.
You closely miss the gnoll. Your bite misses the gnoll.
The gnoll is heavily wounded.
You block the gnoll's attack.
You hit the gnoll but do no damage.
The gnoll is heavily wounded.
The gnoll hits you with a +0 flail! x2
* * * LOW HITPOINT WARNING * * *
You hit the gnoll.
The gnoll is almost dead.
The gnoll hits you with a +0 flail!
Ouch! That really hurt!
You die...

########.......# #..#
#.# ##...#.#.#####.#
#..# ##.## #......#.#
#.#######..# #...†
.......#.# #..........#
#.### #......#.#
#########g.# #.#
##.......# #...# #.#
###.#..### #...#####.#
....#..#
#########.........#
#####..#
#...@g......#######
#..# #.#######.### #..#
##.#######.#
#####..#####..........#
........†.....#########
#####........##
##########


You could see a gnoll.

Vanquished Creatures
  A bat (D:1)
  An endoplasm (D:1)
  A goblin (D:1)
  2 hobgoblins (D:1)
  7 ball pythons (D:1)
  2 frilled lizards (D:1)
  2 kobolds (D:1)
  A rat (D:1)
17 creatures vanquished.

Notes
Turn   | Place    | Note
-------+----------+-------------------------------------------
     0 | D:1      | VictoriousLee the Vine Stalker Fighter began the quest for
                  | the Orb.
     0 | D:1      | Reached XP level 1. HP: 11/11 MP: 2/2
   223 | D:1      | Reached XP level 2. HP: 14/14 MP: 3/3
   585 | D:1      | Found a faded altar of an unknown god.
   585 | D:1      | Noticed a shadow demon
   610 | D:1      | Became a worshipper of Lugonu the Unformed
   610 | D:1      | Reached * piety under Lugonu
   610 | D:1      | Reached ** piety under Lugonu
   831 | D:1      | Mangled by a gnoll

Illustrated notes

Levels and vault maps discovered:
D:1:      dpeg_chamrin_arrival_tetris, layout_loops_ring,
          dreamdust_ecumenical_altar_sealed_demon

Skill      XL: |  1 |
---------------+----+-----
Long Blades    | 2 |  2.9
Fighting       | |  2.6
Armour         | |  2.4
Shields        | |  2.6

Action                   || total
-------------------------++-------
Melee: Long sword        ||    38
       Bite              ||    10
Armor: Scale mail        ||    16
Dodge: Dodged            ||    12
Block: Kite shield       ||    12
       Rpst.: Long sword ||     5
